 Dungeon Crawl Stone Soup version 0.32-a0-913-g739538afd8 (webtiles) character file.

Game seed: 11154261141519331844

9 Esekla the Sneak (level 2, 21/21 HPs)
             Began as an Octopode Delver on Apr 7, 2024.
             Quit the game on level 5 of the Dungeon.
             The game lasted 00:01:27 (180 turns).

Esekla the Sneak (Octopode Delver)                   Turns: 180, Time: 00:01:28

Health: 21/21      AC:  1    Str: 11    XL:     2   Next: 12%
Magic:  2/2        EV: 12    Int: 12    God:
Gold:   29         SH:  0    Dex: 13    Spells: 1/1 levels left

rFire   . . .        a - +0 spear
rCold   . . .        (no shield)
rNeg    . . .        (helmet restricted)
rPois   .            (no amulet)
rElec   .            (no ring)
rCorr   .            (no ring)
SInv    .            (no ring)
Will    .....        (no ring)
Stlth   ++++         (no ring)
HPRegen 0.23/turn    (no ring)
MPRegen 0.08/turn    (no ring)
                     (no ring)

%: no passive effects
@: no status effects
A: almost no armour, amphibious, 8 rings, camouflage 1, gelatinous body 1,
(nimble swimmer 1), tentacles
a: no special abilities


You were on level 5 of the Dungeon.
You visited 1 branch of the dungeon, and saw 1 of its levels.

You collected 29 gold pieces.

Inventory:

Hand Weapons
 a - a +0 spear (weapon)
Wands
 f - a wand of digging (3)
Scrolls
 b - a scroll of fog
 d - a scroll of fear
 g - a scroll of identify {unknown}
Potions
 c - a potion of invisibility {unknown}
 e - a potion of haste


   Skills:
 * Level 3.1 Fighting
 + Level 2.0 Polearms
 * Level 2.1 Dodging
 + Level 6.9 Stealth
 * Level 0.3 Spellcasting


You had one spell level left.
You didn't know any spells.
Your spell library was empty.

Dungeon Overview and Level Annotations

Branches:
Dungeon (5/15)
 Temple: D:4-7

Altars:
Zin


Innate Abilities, Weirdness & Mutations

You cannot wear most types of armour.
You are amphibious.
You can wear up to eight rings at the same time.
Your skin changes colour to match your surroundings (Stealth+).
Your rubbery body absorbs attacks. (AC +1, EV +1)
((You are camouflaged when in or above water. (Stealth+)))
You have tentacles for arms and can constrict up to eight enemies at once.


Message History

You see here a +0 robe.
Found 5 gold pieces.
You now have 14 gold pieces.
You now have 19 gold pieces (gained 5).
The adder hisses angrily.
The adder misses you.
You hit the adder. Your grab misses the adder.
The adder is heavily wounded.
The adder bites you.
You are poisoned.
The adder poisons you!
You hit the adder. Your grab misses the adder.
The adder is almost dead.
You feel sick. The adder closely misses you.
You closely miss the adder. Your grab misses the adder.
The adder is almost dead.
You feel sick. The adder barely misses you. The adder bites you.
You are lethally poisoned!
The adder poisons you!
You hit the adder.
You kill the adder!
You feel very sick.
You have reached level 2!
You start resting.
You feel sick. x2
* * * LOW HITPOINT WARNING * * *
You feel sick.
You start resting.
You feel sick. x4
You are no longer poisoned.
You start resting.
HP restored.
Found a scroll labelled WECRUU QOEMI.
g - a scroll labelled WECRUU QOEMI
Found 10 gold pieces.
You now have 29 gold pieces (gained 10).
You open the door.
Found a glowing silver altar of Zin.
There is an open door here.
An orc comes into view. It is wielding a +0 whip.
There is an open door here.
Are you sure you want to abandon this character and quit the game? (Confirm with "yes".)

# *,* #.# *,**,**,,* #
*,* #.# #.#...*,,* #
*<* #.# #.#._.*..# #
*** #.# #.#...*..#
#########.###.##.##..#
...........##..#.#o..*
##########.#...#.#..,*
#.#.#.#.#.#,*
#.....#@#.#.#
#####.......#
####...## #####


There were no monsters in sight!

Vanquished Creatures
  An adder (D:5)
1 creature vanquished.

Notes
Turn   | Place    | Note
-------+----------+-------------------------------------------
     0 | D:5      | Esekla the Octopode Delver began the quest for the Orb.
     0 | D:5      | Reached XP level 1. HP: 16/16 MP: 1/1
    43 | D:5      | Reached XP level 2. HP: 9/21 MP: 2/2
   176 | D:5      | Found a glowing silver altar of Zin.
   180 | D:5      | Quit the game

Illustrated notes

Levels and vault maps discovered:
D:5:      layout_basic, mainiacjoe_overflow_surrounded_room

Action                     || total
---------------------------++-------
  Melee: Spear             ||     4
    Use: Scroll            ||     1
 Armour: Skin              ||     2
  Dodge: Dodged            ||     3

Table legend: (Time is in decaauts)
 A = Elapsed time spent in this place.
 B = Non-inter-level travel time spent in this place.
 C = Inter-level travel time spent in this place.
 D = Time resting spent in this place.
 E = Time spent auto-exploring this place.
 F = Levels seen in this place.
 G = Mean time per level.
                   A        B        C        D        E       F      G
               +--------+--------+--------+--------+--------+-----+--------+
         Total |    180 |    180 |      0 |     88 |      0 |   1 |  180.0 |
       Dungeon |    180 |    180 |      0 |     88 |      0 |   1 |  180.0 |
               +--------+--------+--------+--------+--------+-----+--------+

Top non-repeatable levels by time:
     D:5: 180 daAuts
